 Dungeon Crawl Stone Soup version 0.30.0-5-g1a98f26d00 (webtiles) character file.

Game seed: 5943634361487419108

354 H0rd4k the Charlatan (level 6, -2/46 HPs)
             Began as a Human Artificer on May 9, 2023.
             Was an Initiate of Gozag.
             Slain by a water moccasin zombie (6 damage)
             ... in an ossuary.
             The game lasted 00:03:55 (2871 turns).

H0rd4k the Charlatan (Human Artificer)              Turns: 2871, Time: 00:03:55

Health: -2/46      AC:  6    Str: 12    XL:     6   Next: 95%
Magic:  7/7        EV: 11    Int: 14    God:    Gozag
Gold:   273        SH:  0    Dex: 13    Spells: 6/6 levels left

rFire   . . .        k - +2 hand axe (drain)
rCold   + . .        (no shield)
rNeg    . . .        x - +0 ring mail {Will+}
rPois   .            q - +0 helmet
rElec   .            (no cloak)
rCorr   .            (no gloves)
SInv    .            (no boots)
Will    +....        (no amulet)
Stlth   +            i - ring of protection from cold
HPRegen 0.27/turn    (no ring)
MPRegen 0.10/turn

%: no passive effects
@: no status effects
A: no striking features
a: Renounce Religion, Potion Petition, Call Merchant, Bribe Branch


You were in an ossuary.
You worshipped Gozag.
Gozag was aware of your devotion.
You visited 1 branch of the dungeon, and saw 4 of its levels.
You also visited: Ossuary.

You collected 329 gold pieces.
You paid 56 gold pieces to Gozag.

Inventory:

Hand Weapons
 k - a +2 hand axe of draining (weapon)
Missiles
 b - 6 poisoned darts
Armour
 q - a +0 helmet (worn)
 x - a +0 ring mail of willpower (worn)
Magical Staves
 f - a staff of conjuration
 v - a staff of air
Jewellery
 g - an amulet of faith
 i - a ring of protection from cold (left hand)
Wands
 c - a wand of flame (13) (quivered)
 d - a wand of charming (12)
 e - a wand of iceblast (3)
 u - a wand of light (10)
Scrolls
 h - 3 scrolls of identify {unknown}
 l - a scroll of fear {unknown}
 o - 2 scrolls of magic mapping {unknown}
 p - a scroll of amnesia {unknown}
 s - a scroll of immolation {unknown}
 t - a scroll of torment {unknown}
 y - a scroll of enchant weapon {unknown}
Potions
 a - 4 potions of attraction {unknown}
 j - 2 potions of might {unknown}
 m - a potion of haste {unknown}
 n - a potion of ambrosia {unknown}
 r - a potion of curing {unknown}
 w - a potion of mutation {unknown}


   Skills:
 + Level 2.6 Fighting
 + Level 2.9(3.1) Axes
 - Level 1.1(2.2) Maces & Flails
 - Level 2.0 Armour
 + Level 3.0 Dodging
 + Level 2.4 Stealth
 * Level 0.6 Spellcasting
 + Level 4.0 Evocations


You had 6 spell levels left.
You didn't know any spells.
Your spell library contained the following spells:

 Spells                   Type           Power      Damage    Failure   Level
 Inner Flame              Hex/Fire       0%         N/A       88%         3
 Flame Wave               Conj/Fire      0%         2d4       99%         4
 Sticky Flame             Conj/Fire      0%         2d3       99%         4


Dungeon Overview and Level Annotations

Branches:
Dungeon (4/15)            Ossuary (1/1)
 Temple: D:4-7

Altars:
Dithmenos
Gozag
Kikubaaqudgha

Shops:
D:2 (


Message History

You hit the water moccasin zombie.
The water moccasin zombie is moderately damaged.
The water moccasin zombie barely misses you. x2
You hit the water moccasin zombie but do no damage.
The water moccasin zombie is moderately damaged.
The water moccasin zombie bites you.
You hit the water moccasin zombie.
The water moccasin zombie is heavily damaged.
The water moccasin zombie bites you but does no damage.
You completely miss the water moccasin zombie.
The water moccasin zombie is heavily damaged.
The water moccasin zombie bites you.
The water moccasin zombie bites you but does no damage.
You hit the water moccasin zombie.
The water moccasin zombie is heavily damaged.
The kobold zombie is distracted by your dazzling golden aura.
The water moccasin zombie bites you.
You slash the water moccasin zombie!
The water moccasin zombie is severely damaged.
The water moccasin zombie bites you.
* * * LOW HITPOINT WARNING * * *
You barely miss the water moccasin zombie.
The water moccasin zombie is severely damaged.
The water moccasin zombie bites you.
* * * LOW HITPOINT WARNING * * *
The water moccasin zombie bites you.
* * * LOW HITPOINT WARNING * * *
You hit the water moccasin zombie.
The water moccasin zombie is severely damaged.
The water moccasin zombie misses you.
You barely miss the water moccasin zombie.
The water moccasin zombie is severely damaged.
The kobold zombie is no longer distracted by gold.
The water moccasin zombie bites you.
* * * LOW HITPOINT WARNING * * *
You hit the water moccasin zombie.
The water moccasin zombie is almost destroyed.
The water moccasin zombie bites you.
You die...
Your body crumbles into a pile of gold. ##+## #...# #...# #.Z.# #ZZZ#

##Z## #.@.#
#...# #...#
#...# #'###
#...#
#...##### ###
#...#...#?!!!#
#...'.∩.#??!!+


You could see a water moccasin zombie, a hobgoblin zombie, a gnoll zombie, a
kobold zombie and an orc zombie.

Vanquished Creatures
  Sigmund (D:2)
  A hound (D:4)
  An iguana (D:4)
  Robin (D:2)
  An adder (D:2)
  An adder zombie (Ossuary)
  A worm (D:2)
  4 dart slugs
  An orc (D:4)
  4 ball pythons
  4 bats
  8 endoplasms
  A giant cockroach (D:2)
  25 goblins
  10 hobgoblins
  8 quokkas
  2 frilled lizards
  A goblin zombie (D:4)
  3 kobolds
  2 kobold zombies (Ossuary)
  2 orc zombies (Ossuary)
  A quokka zombie (D:4)
  6 rats
89 creatures vanquished.

Notes
Turn   | Place    | Note
-------+----------+-------------------------------------------
     0 | D:1      | H0rd4k the Human Artificer began the quest for the Orb.
     0 | D:1      | Reached XP level 1. HP: 15/15 MP: 1/1
   148 | D:1      | Reached XP level 2. HP: 10/21 MP: 2/2
   552 | D:1      | Reached skill level 1 in Maces & Flails
   716 | D:1      | Reached XP level 3. HP: 18/26 MP: 3/3
  1262 | D:2      | Noticed Robin
  1268 | D:2      | Reached XP level 4. HP: 28/32 MP: 4/4
  1459 | D:2      | Killed Robin
  1477 | D:2      | Found Hupuv's Antique Weapon Shop.
  1536 | D:2      | Noticed Sigmund
  1544 | D:2      | Killed Sigmund
  1545 | D:2      | Reached skill level 4 in Evocations
  1545 | D:2      | Reached XP level 5. HP: 34/39 MP: 5/5
  1545 | D:2      | Reached XP level 6. HP: 40/45 MP: 6/6
  2019 | D:3      | Found an ancient bone altar of Kikubaaqudgha.
  2054 | D:3      | Found an opulent altar of Gozag.
  2114 | D:3      | Became a worshipper of Gozag Ym Sagoz the Greedy
  2185 | D:3      | Found a shadowy altar of Dithmenos.
  2787 | D:4      | Found a sand-covered staircase.
  2814 | Ossuary  | Entered an ossuary
  2871 | Ossuary  | Slain by a water moccasin zombie

Illustrated notes

Levels and vault maps discovered:
D:1:      dpeg_arrival_rooms_c, layout_basic
D:2:      layout_rooms, serial_shops, nicolae_shop_pleasant_corner_grove,
          minmay_misc_feat_tower, uniq_robin, uniq_sigmund
D:3:      minmay_evil_eye, layout_rooms, mainiacjoe_overflow_surrounded_room,
          lemuel_doored_altar, mainiacjoe_overflow_paths
D:4:      due_chaos_kobolds, layout_basic, nicolae_wu_jian_immortal_techniques,
          enter_ossuary_4, st_stairs_2, minmay_ruptured, uniq_duvessa
Ossuary:  ossuary_tomb_2

Skill      XL: |  1  2  3  4  5  6 |
---------------+-------------------+-----
Maces & Flails | 1 |  1.1
Fighting       | 2 |  2.6
Axes           | 2 |  2.9
Dodging        | 2 3 |  3.0
Stealth        | 2 |  2.4
Evocations     | 4 |  4.0
Armour         | |  2.0
Spellcasting   | |  0.6

Action                     |  1- 3 |  4- 6 || total
---------------------------+-------+-------++-------
  Melee: Club              |    77 |       ||    77
         Hand axe          |    39 |   151 ||   190
         Punch             |       |     1 ||     1
  Evoke: Wand              |     2 |     5 ||     7
   Stab: Sleeping          |     1 |     3 ||     4
 Armour: Leather armour    |    34 |    19 ||    53
         Ring mail         |       |    31 ||    31
  Dodge: Dodged            |    64 |    80 ||   144
